 Dungeon Crawl Stone Soup version 0.19.0-9-gfd783f2 (webtiles) character file.

352 tv1990 the Bolt Thrower (level 6, 0/48 HPs)
             Began as a Formicid Arcane Marksman on Nov 7, 2016.
             Slain by an orc wizard
             ... wielding a +0 dagger
              (4 damage)
             ... on level 3 of the Dungeon.
             The game lasted 00:11:41 (2302 turns).

tv1990 the Bolt Thrower (Formicid Arcane Marksman)  Turns: 2302, Time: 00:11:42

Health: 0/48       AC:  3    Str: 16    XL:     6   Next: 94%
Magic:  7/7        EV: 12    Int: 15    God:
Gold:   161        SH:  0    Dex: 12    Spells: 1 memorised, 6 levels left

rFire  . . .     SeeInvis +     k - +0 spear
rCold  . . .     Gourm    .     p - +0 leather armour
rNeg   . . .     Faith    .     (no shield)
rPois  .         Spirit   .     (helmet unavailable)
rElec  .         Reflect  .     (no cloak)
rCorr  .         Harm     .     (no gloves)
MR     .....                    (no boots)
Stlth  +.........               (no amulet)
                                (no ring)
                                b - +3 ring of intelligence

@: no status effects
A: permanent stasis, dig shafts and tunnels, four strong arms, antennae 3
a: Dig, Shaft Self


You were on level 3 of the Dungeon.
You were not hungry.

You visited 1 branch of the dungeon, and saw 3 of its levels.

You collected 161 gold pieces.

Inventory:

Hand Weapons
 a - a +0 hand crossbow
 k - a +0 spear (weapon)
Missiles
 m - a bolt
Armour
 e - a +0 robe
 p - a +0 leather armour (worn)
Jewellery
 b - a +3 ring of intelligence (left hand)
Scrolls
 g - a scroll of identify
 i - a scroll of amnesia
 j - a scroll of remove curse {unknown}
 o - a scroll of fog {unknown}
Potions
 l - 2 potions of cancellation
Books
 c - a book of Debilitation

   Spells                             Type                      Level
   a - Corona                         Hexes                        1
   b - Slow                           Hexes                        2
   c - Gell's Gravitas                Hexes/Translocation          3
   d - Inner Flame                    Hexes/Fire                   3
   e - Cause Fear                     Hexes                        4
   f - Leda's Liquefaction            Hexes/Earth                  4
Comestibles
 f - 2 bread rations
 h - a meat ration
 n - 5 chunks of flesh


   Skills:
 + Level 3.8 Fighting
 * Level 4.8 Crossbows
 + Level 3.2 Armour
 - Level 1.7 Dodging
 - Level 1.1 Spellcasting
 - Level 3.6 Hexes


You had 6 spell levels left.
You knew the following spells:

 Your Spells              Type           Power        Failure   Level  Hunger
a - Corona                Hex            ##.....      10%         1    ##.....


Dungeon Overview and Level Annotations

Branches:
Dungeon (3/15)

Altars:
Cheibriados

Annotations:
D:2 1 runed door


Innate Abilities, Weirdness & Mutations

You are under a permanent stasis effect.
You can dig through walls and to a lower floor.
Your four strong arms can wield two-handed weapons with a shield.
You have a pair of large antennae on your head. (SInv)


Message History

You kill the orc priest!
You hit the orc wizard.
The orc wizard is lightly wounded.
The orc wizard hits you but does no damage.
You hit the orc wizard but do no damage.
The orc wizard is lightly wounded.
The orc wizard hits you with a dagger.
* * * LOW HITPOINT WARNING * * *
You closely miss the orc wizard.
The orc wizard is lightly wounded.
The orc wizard closely misses you.
You barely miss the orc wizard.
The orc wizard is lightly wounded.
The orc wizard gestures at you while chanting.
The magic dart hits you!
* * * LOW HITPOINT WARNING * * *
You hit the orc wizard but do no damage.
The orc wizard is lightly wounded.
The orc wizard misses you. The orc wizard hits you with a dagger.
You die...

*** *,************ ***********
*,,,,,,,,,,,,, *,,,,,,,,,*
*,************ **,*******,* *,*
,,,* #,* ###*#+##********
##########.# ##@#......,,,,,,*
...........## #o##......,,,,,,*
............####{#......,,,,,,***
........................,,,,,,,,>
..............#.......#######**,,
......................###.#.# *,,
...............(........#.#.#**,,
..?........{.o÷{..#...#.#.#..,,,,
..............o.#.#...#.#.#.#**,,


You could see an orc wizard.

Vanquished Creatures
  Sigmund (D:2)
  An orc priest (D:3)
  Ijyb (D:2)
  4 adders
  2 oozes
  4 worms
  5 dart slugs
  7 leopard geckos
  2 orcs (D:3)
  7 bats
  A giant cockroach (D:2)
  2 goblins
  4 hobgoblins
  8 jackals (D:3)
  5 kobolds
  3 quokkas
  3 frilled lizards
  11 rats
71 creatures vanquished.

Notes
Turn   | Place    | Note
-------+----------+-------------------------------------------
     0 | D:1      | tv1990 the Formicid Arcane Marksman began the quest for the Orb.
     0 | D:1      | Reached XP level 1. HP: 15/15 MP: 2/2
   103 | D:1      | Reached XP level 2. HP: 17/21 MP: 3/3
   226 | D:1      | Reached skill level 1 in Armour
   281 | D:1      | Reached XP level 3. HP: 27/27 MP: 4/4
   732 | D:2      | Noticed Sigmund
   811 | D:2      | Reached skill level 3 in Crossbows
   841 | D:2      | Reached XP level 4. HP: 33/33 MP: 5/5
   853 | D:2      | Found a snail-covered altar of Cheibriados.
   956 | D:2      | Killed Sigmund
   956 | D:2      | Reached skill level 4 in Crossbows
   956 | D:2      | Reached XP level 5. HP: 30/41 MP: 6/6
   956 | D:2      | Reached XP level 6. HP: 35/47 MP: 7/7
  1004 | D:2      | Noticed Ijyb
  1010 | D:2      | Killed Ijyb
  1438 | D:2      | Found a runed door.
  2302 | D:3      | Slain by an orc wizard

Skill      XL: |  1  2  3  4  5  6 |
---------------+-------------------+-----
Armour         | 1 2 3 |  3.2
Fighting       | 2 3 |  3.8
Crossbows      | 3 4 |  4.8
Dodging        | |  1.7
Spellcasting   | |  1.1
Hexes          | |  3.6

Action                   |  1- 3 |  4- 6 || total
-------------------------+-------+-------++-------
Melee: Unarmed           |     2 |       ||     2
       Spear             |       |   177 ||   177
 Fire: Hand crossbow     |    75 |    39 ||   114
 Abil: Dig               |       |     2 ||     2
  Use: Scroll            |       |     6 ||     6
       Potion            |       |     1 ||     1
 Stab: Sleeping          |       |     1 ||     1
  Eat: Chunk             |       |     5 ||     5
Armor: Robe              |     8 |    26 ||    34
       Leather armour    |       |    17 ||    17
Dodge: Dodged            |    23 |   108 ||   131

Table legend:
 A = Turns spent in this place as a percentage of turns spent in the entire game.
 B = Non-inter-level travel turns spent in this place as a percentage of non-inter-level travel turns spent in the entire game.
 C = Inter-level travel turns spent in this place as a percentage of turns spent in this place.
 D = Turns resting spent in this place as a percentage of non-inter-level travel turns spent in this place.
 E = Turns spent auto-exploring this place as a percentage of non-inter-level travel turns spent in this place.
 F = Non-inter-level travel turns spent in this place divided by the number of levels of this place that you've seen.
                   A       B       C       D       E      F
               +-------+-------+-------+-------+-------+----------------------
         Total | 100.0 | 100.0 |   0.4 |   4.0 |  13.3 | 233.0
       Dungeon | 100.0 | 100.0 |   0.4 |   4.0 |  13.3 | 233.0
               +-------+-------+-------+-------+-------+----------------------

Table legend:
 A = Kills in this place as a percentage of kills in entire the game.
 B = Kills by you in this place as a percentage of kills by you in the entire game.
 C = Kills by friends in this place as a percentage of kills by friends in the entire game.
 D = Other kills in this place as a percentage of other kills in the entire game.
 E = Experience gained in this place as a percentage of experience gained in the entire game.
 F = Experience gained in this place divided by the number of levels of this place that you have seen.
                   A       B       C       D       E      F
               +-------+-------+-------+-------+-------+----------------------
         Total | 100.0 | 100.0 |  -nan |  -nan | 100.0 | 168.0
       Dungeon | 100.0 | 100.0 |  -nan |  -nan | 100.0 | 168.0
               +-------+-------+-------+-------+-------+----------------------

Vault maps used:
D:1:      lemuel_arrival_muddy, serial_forest, infiniplex_forest_lined_room_3,
          infiniplex_forest_lined_room_2, infiniplex_forest_side_room,
          infiniplex_forest_side_room, infiniplex_forest_lined_4_way,
          infiniplex_forest_straight_3, infiniplex_forest_lined_2,
          infiniplex_forest_clump_curved, hangedman_glass_teeth, minmay_cupped
D:2:      kennysheep_slug_shrine, uniq_sigmund, uniq_iyjb,
          uniq_crazy_yiuf_cottage
